 Dungeon Crawl Stone Soup version 0.32-a0-411-g744942f433 (webtiles) character file.

Game seed: 6612462985574221518

30 shadowstone the Vexing (level 3, 0/24 HPs)
             Began as a Coglin Enchanter on Feb 20, 2024.
             Slain by Jessica
             ... wielding a +0 dagger
              (2 damage)
             ... on level 2 of the Dungeon.
             The game lasted 00:03:44 (1466 turns).

shadowstone the Vexing (Coglin Enchanter)           Turns: 1466, Time: 00:03:44

Health: 0/24       AC:  5    Str: 10    XL:     3   Next: 20%
Magic:  5/5        EV: 10    Int: 14    God:
Gold:   55         SH:  0    Dex: 14    Spells: 5/5 levels left

rFire   . . .        a - +1 dagger {Wira}
rCold   . . .        (no shield)
rNeg    . . .        g - +0 ring mail
rPois   .            (no helmet)
rElec   .            (no cloak)
rCorr   .            (no gloves)
SInv    .            (no boots)
Will    .....        (no amulet)
Stlth   ++           (no ring)
HPRegen 0.24/turn    (no ring)
MPRegen 0.09/turn

%: no passive effects
@: invisible, revved
A: off-hand wielding, slow wielding, warmup strikes, legs shutdown
a: no special abilities


You were on level 2 of the Dungeon.
You visited 1 branch of the dungeon, and saw 2 of its levels.

You collected 55 gold pieces.

Inventory:

Hand Weapons
 a - a +1 dagger (weapon) {Wira}
Armour
 b - a +0 robe
 g - a +0 ring mail (worn)
Scrolls
 e - 2 scrolls of identify {unknown}
 h - a scroll of teleportation {unknown}
 j - a scroll of enchant weapon {unknown}
 k - a scroll of noise {unknown}
 l - a scroll of blinking {unknown}
Potions
 c - a potion of invisibility
 d - a potion of berserk rage {unknown}
 f - 2 potions of enlightenment {unknown}
 i - a potion of heal wounds {unknown}


   Skills:
 + Level 0.8 Short Blades
 + Level 0.1 Armour
 + Level 2.0 Dodging
 + Level 2.8 Stealth
 + Level 1.8 Spellcasting
 + Level 3.3 Hexes


You had 5 spell levels left.
You didn't know any spells.
Your spell library contained the following spells:

 Spells                   Type           Power      Damage    Failure   Level
 Ensorcelled Hibernation  Hex/Ice        10%        N/A       43%         2
 Confusing Touch          Hex            10%        N/A       43%         3
 Tukima's Dance           Hex            10%        N/A       43%         3
 Static Discharge         Conj/Air       2%         3-4/arc   67%         2
 Dazzling Flash           Conj/Hex       10%        N/A       67%         3
 Airstrike                Air            0%         2d(1-17)  99%         4
 Summon Lightning Spire   Summ/Air       1%         N/A       99%         4


Dungeon Overview and Level Annotations

Branches:
Dungeon (2/15)

Altars:

Annotations:
D:2 Jessica


Innate Abilities, Weirdness & Mutations

You can wield a second weapon in your off-hand.
It takes a long time for you to wield or remove held weapons.
Your first few attacks do less damage.
Attacking and casting redirects power from your legs.


Message History

The bat hits you but does no damage. The bat completely misses you.
Jessica hits you with a +0 dagger.
* * * LOW HITPOINT WARNING * * *
You hit the bat.
You kill the bat!
Jessica barely misses you. The bat barely misses you.
The hobgoblin hits you but does no damage.
Jessica hits you with a +0 dagger.
* * * LOW HITPOINT WARNING * * *
You cannot move.
Unknown command.
You hit Jessica.
Jessica is moderately wounded.
The bat barely misses you.
The hobgoblin hits you but does no damage.
Jessica closely misses you. The dart slug launches a dart at you.
The slug dart misses you.
You hit Jessica.
Jessica is heavily wounded.
The bat hits you but does no damage. Jessica gestures at you while chanting.
You barely resist. The hobgoblin barely misses you.
A kobold comes into view. It is wielding a +0 whip.
A rat comes into view.
You barely miss Jessica.
Jessica is heavily wounded.
The bat hits you but does no damage. Jessica hits you with a +0 dagger.
* * * LOW HITPOINT WARNING * * *
The hobgoblin barely misses you.
Jessica mumbles some strange words.
Jessica blinks!
You fade into invisibility!
You are no longer unable to travel.
The bat barely misses you. The bat hits you but does no damage.
The hobgoblin closely misses you. The bat closely misses you.
The kobold shouts!
Jessica says, "I'm really upset."
Jessica hits you with a +0 dagger.
You die...

#.#.## ..... ..
#K..# ..[ #..
#...# ....
...###...###....
#..............
#...rw.g........#.
#.......@.......#.
#.###.b@###.... #.
#...# .#.##.###
#.###...###.....
...###
#...........#
#....
.....###.#### #..#
##### #.# ###.<###
#.#######...(..##
#....##..^...#.##
#.##.##.#.#.##.##


You could see a dart slug (unable to see you), Jessica (fast, unable to see
you), a hobgoblin (unable to see you), a bat, a kobold (wandering, unable to see
you) and a rat (unable to see you).

Vanquished Creatures
  2 endoplasms (D:1)
  2 hobgoblins (D:1)
  3 kobolds (D:1)
  4 ball pythons
  3 bats
  A frilled lizard (D:1)
  4 rats (D:1)
19 creatures vanquished.

Notes
Turn   | Place    | Note
-------+----------+-------------------------------------------
     0 | D:1      | shadowstone the Coglin Enchanter began the quest for the
                  | Orb.
     0 | D:1      | Reached XP level 1. HP: 13/13 MP: 3/3
   147 | D:1      | Reached XP level 2. HP: 19/19 MP: 4/4
   206 | D:1      | Reached skill level 3 in Hexes
   975 | D:1      | Reached XP level 3. HP: 21/24 MP: 5/5
  1451 | D:2      | Noticed Jessica
  1463 | D:2      | HP: 1/24 [Jessica/+0 dagger (3)]
  1466 | D:2      | Slain by Jessica

Illustrated notes

Levels and vault maps discovered:
D:1:      dpeg_arrival_erosion, layout_loops_ring, chequers_hall_statues_wall_a
D:2:      layout_loops_cross, minmay_statues_item, minmay_misc_feat_cross,
          uniq_jessica

Skill      XL: |  1  2 |
---------------+-------+-----
Hexes          | 3 |  3.3
Dodging        | 2 |  2.0
Short Blades   | |  0.8
Armour         | |  0.1
Stealth        | |  2.8
Spellcasting   | |  1.8

Action                     || total
---------------------------++-------
  Melee: Dagger            ||    67
    Use: Potion            ||     1
   Stab: Sleeping          ||     1
 Armour: Ring mail         ||    56
  Dodge: Dodged            ||    60

Table legend: (Time is in decaauts)
 A = Elapsed time spent in this place.
 B = Non-inter-level travel time spent in this place.
 C = Inter-level travel time spent in this place.
 D = Time resting spent in this place.
 E = Time spent auto-exploring this place.
 F = Levels seen in this place.
 G = Mean time per level.
                   A        B        C        D        E       F      G
               +--------+--------+--------+--------+--------+-----+--------+
         Total |   1462 |   1325 |    137 |    247 |    602 |   2 |  731.0 |
       Dungeon |   1462 |   1325 |    137 |    247 |    602 |   2 |  731.0 |
               +--------+--------+--------+--------+--------+-----+--------+

Top non-repeatable levels by time:
     D:1: 1343 daAuts
     D:2: 119 daAuts
